[ AOE2 MATCH · #507362905 ]
UnrankedDravidians vs Aztecs
Player's team · LOSS
Rival team · WIN
[ REPLAY ANALYSIS · EXTRACTED FROM THE RECORDED GAME ]
Feudal
9:58
Castle
21:35
Imperial
—
| APM avg | 59.2 |
| APM peak | 130 |
| eAPM avg | 24.9 |
| Villagers / military | 92 / 93 |
Focus
⚔️ 48.0% · 🌾 52.0%
Skirmisher ×68 · Militia ×14 · Archer ×8 · Mangonel ×3
Feudal
11:30
Castle
20:18
Imperial
—
| APM avg | 73.2 |
| APM peak | 130 |
| eAPM avg | 36.0 |
| Villagers / military | 163 / 123 |
Focus
⚔️ 50.0% · 🌾 50.0%
Skirmisher ×74 · Archer ×33 · Mangonel ×12 · Militia ×4
Match map
Initial resources + every placement click. Lines = walls · curves = elevation contours. ◆ gold · ⬟ stone · ● berries · ✦ relic · ◌ wall gap
Your base· Open — unwalled flank
MicroDA's base· Open — 7t gap
Smoothed initial terrain · ◌ = detected wall gap · hover for details
Inputs per minute
— dylanrobinson54 - - MicroDA
Build order — dylanrobinson54
First 150 of 282 actions detected
| 0:15 | Create | Villager (Male) |
| 0:15 | Create | Villager (Male) |
| 0:16 | Create | Villager (Male) |
| 0:17 | Build | House |
| 0:19 | Build | House |
| 0:43 | Create | Villager (Male) |
| 1:44 | Create | Villager (Male) |
| 2:01 | Create | Villager (Male) |
| 2:03 | Build | Lumber Camp |
| 2:24 | Create | Villager (Male) |
| 2:51 | Create | Villager (Male) |
| 3:23 | Create | Villager (Male) |
| 3:51 | Create | Villager (Male) |
| 3:59 | Build | Mill |
| 4:18 | Create | Villager (Male) |
| 4:27 | Build | House |
| 4:51 | Create | Villager (Male) |
| 5:08 | Create | Villager (Male) |
| 5:26 | Create | Villager (Male) |
| 5:39 | Create | Villager (Male) |
| 5:45 | Build | House |
| 6:10 | Create | Villager (Male) |
| 6:21 | Research | Loom |
| 6:26 | Build | Barracks |
| 6:35 | Create | Villager (Male) |
| 6:44 | Build | House |
| 7:23 | Create | Villager (Male) |
| 7:27 | Build | Farm |
| 7:46 | Research | Feudal Age |
| 8:22 | Create | Militia |
| 8:22 | Create | Militia |
| 8:34 | Build | Mining Camp |
| 8:44 | Create | Villager (Male) |
| 9:10 | Build | House |
| 9:24 | Create | Militia |
| 9:46 | Build | Palisade Wall |
| 9:58 | Age | Feudal Age |
| 10:11 | Build | Mill |
| 10:12 | Build | Archery Range |
| 10:17 | Research | Man-at-Arms (upgrade) |
| 10:24 | Create | Villager (Male) |
| 10:31 | Research | Double-Bit Axe |
| 10:39 | Create | Villager (Male) |
| 11:09 | Create | Villager (Male) |
| 11:18 | Create | Villager (Male) |
| 11:21 | Build | Farm |
| 11:23 | Create | Archer |
| 11:24 | Create | Militia |
| 11:25 | Create | Villager (Male) |
| 11:28 | Build | Farm |
| 11:37 | Build | Palisade Gate |
| 11:53 | Create | Villager (Male) |
| 12:01 | Build | Blacksmith |
| 12:08 | Research | Town Watch |
| 12:10 | Build | House |
| 12:15 | Create | Archer |
| 12:34 | Create | Villager (Male) |
| 12:38 | Build | House |
| 12:40 | Build | House |
| 12:42 | Build | Farm |
| 12:47 | Build | Farm |
| 12:48 | Create | Villager (Male) |
| 12:50 | Create | Archer |
| 13:16 | Build | Farm |
| 13:19 | Research | Fletching |
| 13:20 | Create | Villager (Male) |
| 13:25 | Build | Farm |
| 13:39 | Create | Villager (Male) |
| 13:43 | Create | Villager (Male) |
| 13:46 | Build | Farm |
| 13:57 | Create | Villager (Male) |
| 14:02 | Create | Militia |
| 14:31 | Create | Archer |
| 14:33 | Research | Arson |
| 14:36 | Create | Archer |
| 14:37 | Create | Villager (Male) |
| 14:39 | Build | Farm |
| 14:42 | Build | Farm |
| 14:43 | Build | Farm |
| 14:46 | Build | House |
| 14:58 | Create | Villager (Male) |
| 15:12 | Research | Padded Archer Armor |
| 15:20 | Research | Scale Mail Armor |
| 15:22 | Create | Archer |
| 15:24 | Build | Farm |
| 15:29 | Build | Farm |
| 15:39 | Create | Archer |
| 15:43 | Create | Militia |
| 15:44 | Create | Villager (Male) |
| 15:46 | Build | House |
| 15:48 | Build | Palisade Wall |
| 15:53 | Research | Padded Archer Armor |
| 16:01 | Build | Farm |
| 16:13 | Create | Villager (Male) |
| 16:14 | Create | Archer |
| 16:29 | Create | Villager (Male) |
| 17:14 | Create | Villager (Male) |
| 17:21 | Build | Farm |
| 17:21 | Build | Farm |
| 17:23 | Build | Farm |
| 17:23 | Build | Farm |
| 17:23 | Build | Farm |
| 17:24 | Build | Farm |
| 17:46 | Create | Villager (Male) |
| 18:05 | Build | Lumber Camp |
| 18:30 | Create | Villager (Male) |
| 18:32 | Build | Farm |
| 18:36 | Build | House |
| 18:37 | Build | House |
| 18:50 | Research | Castle Age |
| 19:05 | Create | Skirmisher |
| 19:05 | Create | Skirmisher |
| 19:32 | Research | Horse Collar |
| 19:35 | Create | Skirmisher |
| 19:42 | Build | House |
| 19:44 | Build | House |
| 19:51 | Create | Skirmisher |
| 19:58 | Create | Militia |
| 20:06 | Create | Militia |
| 20:09 | Build | Farm |
| 20:13 | Research | Gold Mining |
| 20:25 | Build | House |
| 20:28 | Build | House |
| 20:31 | Create | Villager (Male) |
| 20:36 | Create | Skirmisher |
| 20:38 | Create | Militia |
| 20:40 | Build | Farm |
| 20:51 | Build | House |
| 21:04 | Create | Skirmisher |
| 21:35 | Age | Castle Age |
| 21:38 | Research | Elite Skirmisher (upgrade) |
| 21:40 | Build | University |
| 21:42 | Research | Bodkin Arrow |
| 21:44 | Create | Villager (Male) |
| 21:56 | Research | Long Swordsman (upgrade) |
| 21:57 | Research | Squires |
| 22:09 | Build | Lumber Camp |
| 22:18 | Create | Villager (Male) |
| 22:28 | Create | Villager (Male) |
| 22:49 | Research | Bow Saw |
| 23:03 | Create | Skirmisher |
| 23:03 | Create | Skirmisher |
| 23:14 | Create | Skirmisher |
| 23:19 | Create | Villager (Male) |
| 23:41 | Research | Ballistics |
| 23:51 | Create | Villager (Male) |
| 23:56 | Create | Villager (Male) |
| 24:00 | Build | Farm |
| 24:02 | Research | Leather Archer Armor |
| 24:04 | Create | Skirmisher |
Build order — MicroDA
First 150 of 464 actions detected
| 0:00 | Create | Villager (Male) |
| 0:00 | Create | Villager (Male) |
| 0:01 | Build | House |
| 0:02 | Build | House |
| 0:10 | Create | Villager (Male) |
| 0:16 | Create | Villager (Male) |
| 1:15 | Create | Villager (Male) |
| 1:15 | Create | Villager (Male) |
| 1:50 | Build | Lumber Camp |
| 1:59 | Create | Villager (Male) |
| 2:20 | Create | Villager (Male) |
| 2:21 | Create | Villager (Male) |
| 2:52 | Create | Villager (Male) |
| 2:52 | Create | Villager (Male) |
| 3:09 | Create | Villager (Male) |
| 3:45 | Create | Villager (Male) |
| 3:49 | Build | House |
| 4:03 | Create | Villager (Male) |
| 4:03 | Create | Villager (Male) |
| 4:27 | Create | Villager (Male) |
| 4:27 | Create | Villager (Male) |
| 4:40 | Build | Barracks |
| 5:01 | Create | Villager (Male) |
| 5:01 | Create | Villager (Male) |
| 5:01 | Create | Villager (Male) |
| 5:01 | Create | Villager (Male) |
| 5:08 | Build | House |
| 5:33 | Create | Militia |
| 5:33 | Create | Militia |
| 5:47 | Create | Villager (Male) |
| 5:53 | Build | Palisade Wall |
| 6:04 | Create | Militia |
| 6:14 | Build | Mill |
| 6:25 | Create | Villager (Male) |
| 6:36 | Build | House |
| 6:37 | Create | Villager (Male) |
| 6:44 | Create | Militia |
| 7:12 | Create | Villager (Male) |
| 7:12 | Create | Villager (Male) |
| 7:12 | Create | Villager (Male) |
| 7:26 | Create | Villager (Male) |
| 7:42 | Create | Villager (Male) |
| 7:54 | Build | Mill |
| 8:14 | Create | Villager (Male) |
| 8:19 | Create | Villager (Male) |
| 8:26 | Create | Villager (Male) |
| 8:27 | Research | Loom |
| 9:18 | Research | Feudal Age |
| 9:19 | Research | Feudal Age |
| 9:19 | Research | Feudal Age |
| 9:43 | Build | Farm |
| 9:44 | Build | Farm |
| 10:02 | Create | Villager (Male) |
| 10:10 | Build | Farm |
| 10:16 | Build | House |
| 10:19 | Create | Villager (Male) |
| 10:25 | Create | Villager (Male) |
| 10:31 | Build | House |
| 10:47 | Build | House |
| 10:48 | Build | Palisade Wall |
| 10:52 | Build | House |
| 10:54 | Build | Palisade Wall |
| 11:30 | Age | Feudal Age |
| 11:36 | Build | Archery Range |
| 11:43 | Create | Villager (Male) |
| 11:45 | Build | Mining Camp |
| 12:14 | Build | Farm |
| 12:29 | Research | Double-Bit Axe |
| 12:30 | Create | Villager (Male) |
| 12:30 | Create | Villager (Male) |
| 12:39 | Create | Archer |
| 12:39 | Create | Archer |
| 12:41 | Build | House |
| 12:49 | Create | Villager (Male) |
| 12:55 | Build | Palisade Wall |
| 13:02 | Create | Villager (Male) |
| 13:04 | Create | Villager (Male) |
| 13:08 | Build | Blacksmith |
| 13:08 | Create | Villager (Male) |
| 13:22 | Build | House |
| 13:23 | Build | Palisade Wall |
| 13:25 | Create | Archer |
| 13:25 | Create | Archer |
| 13:29 | Create | Skirmisher |
| 13:33 | Build | Farm |
| 13:37 | Create | Archer |
| 13:39 | Create | Skirmisher |
| 13:39 | Create | Skirmisher |
| 13:40 | Create | Villager (Male) |
| 13:51 | Build | Farm |
| 13:53 | Build | Farm |
| 13:59 | Build | House |
| 14:01 | Create | Skirmisher |
| 14:05 | Build | Palisade Wall |
| 14:11 | Research | Fletching |
| 14:19 | Create | Skirmisher |
| 14:26 | Create | Archer |
| 14:31 | Create | Skirmisher |
| 14:31 | Create | Skirmisher |
| 14:34 | Create | Villager (Male) |
| 14:36 | Build | Farm |
| 14:39 | Create | Skirmisher |
| 14:45 | Create | Skirmisher |
| 14:49 | Build | Palisade Wall |
| 14:53 | Build | House |
| 14:55 | Create | Skirmisher |
| 14:56 | Create | Villager (Male) |
| 15:11 | Create | Skirmisher |
| 15:22 | Build | Farm |
| 15:23 | Build | Farm |
| 15:25 | Create | Villager (Male) |
| 15:26 | Build | Farm |
| 15:28 | Create | Villager (Male) |
| 15:28 | Create | Skirmisher |
| 15:33 | Build | Farm |
| 15:45 | Build | Palisade Wall |
| 15:50 | Build | Farm |
| 15:53 | Create | Villager (Male) |
| 16:10 | Build | Lumber Camp |
| 16:10 | Create | Villager (Male) |
| 16:23 | Create | Skirmisher |
| 16:23 | Create | Skirmisher |
| 16:27 | Build | Palisade Wall |
| 17:10 | Create | Skirmisher |
| 17:11 | Create | Skirmisher |
| 17:11 | Create | Villager (Male) |
| 17:20 | Build | Palisade Wall |
| 17:22 | Build | Palisade Wall |
| 17:24 | Build | Palisade Wall |
| 17:38 | Research | Castle Age |
| 17:38 | Research | Castle Age |
| 17:38 | Research | Castle Age |
| 17:48 | Create | Skirmisher |
| 17:48 | Create | Skirmisher |
| 18:00 | Build | Palisade Gate |
| 18:17 | Build | House |
| 18:20 | Build | House |
| 18:30 | Create | Skirmisher |
| 18:32 | Build | Farm |
| 18:32 | Build | Farm |
| 18:33 | Build | Farm |
| 18:33 | Build | Farm |
| 18:33 | Build | Farm |
| 18:33 | Build | Farm |
| 18:38 | Research | Horse Collar |
| 18:46 | Build | Palisade Wall |
| 18:49 | Build | Palisade Wall |
| 19:01 | Create | Skirmisher |
| 19:01 | Create | Skirmisher |
| 19:31 | Build | Archery Range |
Match timeline
| 4:40 | MicroDA · first_building Barracks |
| 5:53 | MicroDA · wall_segment Palisade Wall x4 |
| 6:26 | dylanrobinson54 · first_building Barracks |
| 9:46 | dylanrobinson54 · wall_segment Palisade Wall x1 |
| 9:58 | dylanrobinson54 · age_up feudal |
| 10:12 | dylanrobinson54 · first_building Archery Range |
| 10:48 | MicroDA · wall_segment Palisade Wall x1 |
| 10:54 | MicroDA · wall_segment Palisade Wall x1 |
| 11:30 | MicroDA · age_up feudal |
| 11:36 | MicroDA · first_building Archery Range |
| 12:55 | MicroDA · wall_segment Palisade Wall x15 |
| 13:23 | MicroDA · wall_segment Palisade Wall x6 |
| 14:05 | MicroDA · wall_segment Palisade Wall x7 |
| 14:49 | MicroDA · wall_segment Palisade Wall x8 |
| 15:45 | MicroDA · wall_segment Palisade Wall x4 |
| 15:48 | dylanrobinson54 · wall_segment Palisade Wall x11 |
| 16:27 | MicroDA · wall_segment Palisade Wall x11 |
| 17:20 | MicroDA · wall_segment Palisade Wall x1 |
| 17:22 | MicroDA · wall_segment Palisade Wall x1 |
| 17:24 | MicroDA · wall_segment Palisade Wall x1 |
| 18:46 | MicroDA · wall_segment Palisade Wall x2 |
| 18:49 | MicroDA · wall_segment Palisade Wall x12 |
| 20:18 | MicroDA · age_up castle |
| 21:35 | dylanrobinson54 · age_up castle |
| 27:51 | MicroDA · first_building Siege Workshop |
| 28:43 | dylanrobinson54 · first_market_buy 100 food |
| 28:46 | MicroDA · first_market_buy 100 food |
| 33:40 | dylanrobinson54 · first_building Siege Workshop |
| 33:43 | MicroDA · first_market_sell 100 wood |
| 34:20 | dylanrobinson54 · first_building Castle |
| 35:12 | MicroDA · first_building Castle |
| 35:43 | MicroDA · wall_segment Palisade Wall x1 |
| 35:45 | MicroDA · wall_segment Palisade Wall x1 |
| 36:10 | MicroDA · wall_segment Palisade Wall x1 |
| 36:34 | dylanrobinson54 · resign |
[ AI ANALYSIS · 1 CREDIT ]
What really happened in this match?
Wolo.gg analyzes every decision: build order, eco, micro, common mistakes by bracket. Personalized analysis on WhatsApp or Discord in 30 seconds.
Civ guide
Dravidians
Perfil
Jugador #1876372